 Dungeon Crawl Stone Soup version 0.31-a0-692-gf03d1854d5 (webtiles) character file.

Game seed: 2071118264353268386

15890 qw the Skirmisher (level 12, -10/77 HPs)
             Began as a Gargoyle Hunter on Sept 6, 2023.
             Was an Elder of Okawaru.
             Mangled by a catoblepas (17 damage)
             ... on level 13 of the Dungeon.
             The game lasted 00:05:04 (11066 turns).

qw the Skirmisher (Gargoyle Hunter)                Turns: 11066, Time: 00:05:04

Health: -10/77     AC: 27    Str: 16    XL:     12   Next: 31%
Magic:  17/18      EV: 16    Int: 10    God:    Okawaru [****..]
Gold:   566        SH:  0    Dex: 17    Spells: 11/11 levels left

rFire   . . .        Y - +0 longbow
rCold   . . .        (shield currently unavailable)
rNeg    + . .        m - +1 acid dragon scales
rPois   inf          h - +0 helmet
rElec   +            o - +0 cloak
rCorr   +            n - +0 pair of gloves
SInv    .            k - +3 pair of boots of Macaroni {+Blink rPois}
Will    .....        (no amulet)
Stlth   +++          (no ring)
HPRegen 0.32/turn    (no ring)
MPRegen 0.16/turn

%: no passive effects
@: about to teleport, heroic
A: sickness immunity, AC +8, negative energy resistance 1, electricity
resistance, torment resistance 1, petrification resistance, sense surroundings 1
a: Renounce Religion, Evoke Blink, Heroism, Finesse


You were on level 13 of the Dungeon.
You worshipped Okawaru.
Okawaru was greatly pleased with you.
You visited 1 branch of the dungeon, and saw 13 of its levels.

You collected 566 gold pieces.


Innate Abilities, Weirdness & Mutations

You are immune to sickness and miasma.
Your stone body is resilient. (AC +8)
You are immune to poison.
You resist negative energy. (rN+)
You are resistant to electric shocks. (rElec)
You are resistant to unholy torment.
You are immune to petrification.
You passively map a small area around you.


   Skills:
 - Level 10.0(15.0) Fighting
 + Level 14.1(19.1) Ranged Weapons
 - Level 6.0(11.0) Armour
 - Level 4.4(9.4) Dodging
 - Level 1.1(6.1) Stealth
 + Level 9.2 Invocations


You had 11 spell levels left.
You didn't know any spells.
Your spell library was empty.

Inventory:

Hand Weapons
 Y - a +0 longbow (weapon)
Armour
 h - a +0 helmet (worn)
 k - the +3 pair of boots of Macaroni (worn) {+Blink rPois}
   (You acquired it on level 9 of the Dungeon)

   rPois:     It protects you from poison +Blink: It lets you blink.
 m - +1 acid dragon scales (worn)
 n - a +0 pair of gloves (worn)
 o - a +0 cloak (worn)
Wands
 d - a wand of digging (8)
Scrolls
 g - a scroll of identify
 u - 3 scrolls of teleportation
Potions
 a - 3 potions of haste
 b - 2 potions of enlightenment
 c - a potion of might
 f - a potion of mutation
 r - a potion of resistance
 s - a potion of cancellation

Dungeon Overview and Level Annotations

Branches:
Dungeon (14/15)            Temple (0/1) D:6             Orc (0/2) D:10
 Vaults (0/5) D:14
   Lair: D:8-11

Altars:
Elyvilon
Fedhas
Kikubaaqudgha
Nemelex Xobeh
Okawaru
Qazlal
Ru
Zin

Shops:
D:9 *

Annotations:
D:3 exclusion: goblin


Message History

The boulder beetle is almost dead.
You feel like a meek peon again.
The boulder beetle is no longer petrified.
The catoblepas gores you but does no damage.
11057 ||| INVOKING Heroism.
You gain the combat prowess of a mighty hero.
The boulder beetle is engulfed in calcifying dust.
The boulder beetle is moving more slowly.
The boulder beetle bites you but does no damage.
The catoblepas gores you but does no damage.
You shoot an arrow. The arrow hits the boulder beetle!
The boulder beetle is almost dead.
The boulder beetle waves its antennae.
The boulder beetle barely misses you. The catoblepas gores you!
You shoot an arrow. The arrow hits the boulder beetle!!
You kill the boulder beetle!
Okawaru accepts your kill.
The catoblepas breathes a plume of calcifying dust at you.
The blast of calcifying dust hits you.
You shoot an arrow. The arrow hits the catoblepas.
The catoblepas is lightly wounded.
You shoot an arrow. The arrow hits the catoblepas.
The catoblepas is lightly wounded.
The catoblepas gores you.
You shoot an arrow. The arrow hits the catoblepas!
The catoblepas is moderately wounded.
The catoblepas closely misses you.
You shoot an arrow. The arrow barely misses the catoblepas.
The catoblepas breathes a plume of calcifying dust at you.
The blast of calcifying dust hits you.
You shoot an arrow. The arrow hits the catoblepas.
The catoblepas is moderately wounded.
You shoot an arrow. The arrow hits the catoblepas!
The catoblepas is heavily wounded.
The catoblepas gores you!
11066 ||| READING 4 scrolls of teleportation.
As you read the scroll of teleportation, it crumbles to dust.
You feel strangely unstable. The catoblepas gores you!
You die...

, * , *
#.....#
** ,
+...>.#
, *
#.....#
* *
#.....+
,
#.....#
*
#.....#
*
#..Y..#
*
#..@..#
*
###%###
,
,,.ยค#
+ ####*
, , * ,
, , * ,
, ,** ,
*


You could see a catoblepas.

Vanquished Creatures
  A catoblepas (D:13)
  2 centaur warriors
  Erica (D:8)
  2 boulder beetles
  4 two-headed ogres
  Amaemon (D:8)
  A wizard (D:14)
  A manticore (D:9)
  A cane toad (shapeshifter) (D:9)
  Jeremiah (D:6)
  An orange demon (D:8)
  2 trolls
  A hornet (D:10)
  Prince Ribbit (D:8)
  A shadow (D:10)
  A wyvern (D:10)
  10 yaks
  2 steam dragons
  4 vampire mosquitoes (D:10)
  An acid dragon (D:7)
  2 water moccasins (D:8)
  5 ice beasts
  6 orc warriors
  2 black bears (D:5)
  An ogre (D:5)
  3 sky beasts
  3 centaurs
  2 phantoms
  2 kobold brigands
  2 bullfrogs (D:8)
  2 gnoll sergeants (D:5)
  2 scorpions
  12 wights
  2 electric eels (D:9)
  2 howler monkeys (D:5)
  4 hounds
  A jelly (D:5)
  A gnoll bouda (D:5)
  5 orc priests
  Ijyb (D:4)
  5 iguanas
  4 orc wizards
  A mummy (D:6)
  14 adders
  17 gnolls
  2 shadow imps
  2 white imps
  An ufetubus (D:5)
  2 worms
  2 dart slugs
  35 orcs
  4 ball pythons
  11 endoplasms
  6 giant cockroaches
  9 goblins
  5 hobgoblins
  9 jackals
  4 quokkas
  6 bats
  3 frilled lizards
  A hobgoblin zombie (D:6)
  13 kobolds
  2 kobold zombies (D:6)
  An orc zombie (D:6)
  3 rats
261 creatures vanquished.

Notes
Turn   | Place    | Note
-------+----------+-------------------------------------------
     0 | D:1      | qw the Gargoyle Hunter began the quest for the Orb.
     0 | D:1      | Reached XP level 1. HP: 12/12 MP: 1/1
     0 | D:1      | 0 ||| qw: Version: 0.3-a-76-g4403597
     0 | D:1      | 0 ||| qw: Game counter: 148
     0 | D:1      | 0 ||| qw: Melee chars always use a shield: true
     0 | D:1      | 0 ||| qw: God list: Okawaru
     0 | D:1      | 0 ||| qw: Allow faded altars: false
     0 | D:1      | 0 ||| qw: Do Orc after clearing Dungeon:15 true
     0 | D:1      | 0 ||| qw: Do second Lair branch before Depths: true
     0 | D:1      | 0 ||| qw: Lair rune preference: random
     0 | D:1      | 0 ||| qw: Goals: Normal
     0 | D:1      | 0 ||| PLANNING D:1-11
   103 | D:1      | Reached XP level 2. HP: 17/17 MP: 2/2
   355 | D:1      | Reached XP level 3. HP: 21/21 MP: 3/3
   391 | D:1      | Reached skill level 5 in Ranged Weapons
   727 | D:1      | 727 ||| UPGRADING to +0 helmet.
   732 | D:1      | 732 ||| UPGRADING to +0 ring mail.
   742 | D:1      | 742 ||| DROPPING +0 leather armour.
   743 | D:1      | 743 ||| DROPPING ring of magical power.
   744 | D:1      | 744 ||| READING scroll labelled OPTAZA OCAM.
   745 | D:1      | 745 ||| READING scroll labelled ICZIFO KUEROU.
   746 | D:1      | 746 ||| READING scroll labelled SYJAHA XETUOSO.
   750 | D:1      | 750 ||| READING scroll labelled LIT UVOCAIFIO.
   751 | D:1      | 751 ||| DRINKING 2 sapphire potions.
   752 | D:1      | 752 ||| DROPPING scroll of butterflies.
   753 | D:1      | 753 ||| DROPPING potion of attraction.
   804 | D:2      | 804 ||| Stepping ~*~*~tactically~*~*~ (outnumbered).
   856 | D:2      | Reached skill level 1 in Armour
   965 | D:2      | Identified the +1 long sword of Watchfulness {heavy, rPois
                  | rC+}
   971 | D:2      | Reached XP level 4. HP: 27/27 MP: 4/4
   992 | D:2      | Reached skill level 3 in Fighting
  1033 | D:2      | Found a faded altar of an unknown god.
  1360 | D:2      | 1360 ||| READING scroll labelled ZEYRCH YBROPP.
  1361 | D:2      | 1361 ||| READING scroll labelled SAILUO ARES.
  1459 | D:3      | Found a faded altar of an unknown god.
  1465 | D:3      | Found a stormy altar of Qazlal.
  1545 | D:3      | Found a sparkling altar of Nemelex Xobeh.
  1572 | D:3      | Noticed a scorpion
  1579 | D:3      | Killed a scorpion
  1580 | D:3      | Reached XP level 5. HP: 25/32 MP: 5/5
  1785 | D:3      | Found an iron altar of Okawaru.
  1786 | D:3      | 1786 ||| PLANNING OKAWARU WORSHIP
  1792 | D:3      | 1792 ||| READING 2 scrolls of identify.
  1792 | D:3      | 1792 ||| IDENTIFYING lumpy golden potion
  1793 | D:3      | Became a worshipper of Warmaster Okawaru
  1794 | D:3      | 1794 ||| PLANNING D:1-11
  1839 | D:3      | Reached skill level 6 in Ranged Weapons
  2108 | D:4      | Noticed Ijyb
  2109 | D:4      | 2109 ||| STAIRDANCE
  2150 | D:4      | 2150 ||| STAIRDANCE
  2156 | D:3      | HP: 8/32 [orc/+0 dagger (2)]
  2157 | D:3      | 2157 ||| READING scroll of teleportation.
  2296 | D:4      | Paralysed by Ijyb for 4 turns
  2307 | D:4      | Killed Ijyb
  2310 | D:4      | HP: 8/33 [jackal (2)]
  2315 | D:4      | HP: 5/33 [jackal (3)]
  2317 | D:4      | 2317 ||| STAIRDANCE
  2473 | D:4      | Found a glowing silver altar of Zin.
  2495 | D:4      | 2495 ||| READING scroll labelled MAPYHO LUNEPH.
  2501 | D:4      | 2501 ||| STAIRDANCE
  2536 | D:4      | 2536 ||| STAIRDANCE
  2649 | D:4      | Reached XP level 6. HP: 38/38 MP: 6/6
  2778 | D:4      | 2778 ||| UPGRADING to +0 pair of boots.
  2792 | D:5      | Entered Level 5 of the Dungeon
  2804 | D:5      | Noticed an ice beast
  2809 | D:5      | HP: 9/38 [ice beast (11)]
  2811 | D:5      | Killed an ice beast
  2811 | D:5      | Reached * piety under Okawaru
  2818 | D:5      | 2818 ||| FLEEEEING.
  2819 | D:5      | 2819 ||| FLEEEEING.
  2827 | D:5      | 2827 ||| STAIRDANCE
  2920 | D:4      | 2920 ||| READING scroll labelled NOTAWO UGAPYEPS.
  2933 | D:5      | Noticed an ice beast
  2934 | D:5      | 2934 ||| INVOKING Heroism.
  2937 | D:5      | Reached skill level 7 in Ranged Weapons
  2944 | D:5      | Killed an ice beast
  2945 | D:5      | Reached XP level 7. HP: 28/43 MP: 5/7
  2959 | D:5      | 2959 ||| FLEEEEING.
  2960 | D:5      | 2960 ||| FLEEEEING.
  2964 | D:5      | 2964 ||| FLEEEEING.
  2965 | D:5      | 2965 ||| STAIRDANCE
  3003 | D:5      | 3003 ||| INVOKING Heroism.
  3012 | D:5      | 3012 ||| INVOKING Heroism.
  3103 | D:5      | 3103 ||| Stepping ~*~*~tactically~*~*~ (outnumbered).
  3106 | D:5      | 3106 ||| INVOKING Heroism.
  3107 | D:5      | 3107 ||| Stepping ~*~*~tactically~*~*~ (retreating).
  3113 | D:5      | Reached skill level 1 in Invocations
  3116 | D:5      | 3116 ||| FLEEEEING.
  3117 | D:5      | 3117 ||| FLEEEEING.
  3118 | D:5      | 3118 ||| FLEEEEING.
  3119 | D:5      | 3119 ||| FLEEEEING.
  3120 | D:5      | 3120 ||| INVOKING Heroism.
  3247 | D:5      | Reached skill level 8 in Ranged Weapons
  3248 | D:5      | Reached skill level 3 in Invocations
  3268 | D:5      | 3268 ||| INVOKING Heroism.
  3273 | D:5      | Reached XP level 8. HP: 48/48 MP: 7/10
  3491 | D:5      | 3491 ||| Stepping ~*~*~tactically~*~*~ (outnumbered).
  3493 | D:5      | 3493 ||| Stepping ~*~*~tactically~*~*~ (outnumbered).
  3517 | D:5      | 3517 ||| Stepping ~*~*~tactically~*~*~ (outnumbered).
  3521 | D:5      | 3521 ||| INVOKING Heroism.
  3565 | D:5      | 3565 ||| INVOKING Heroism.
  3578 | D:5      | 3578 ||| INVOKING Heroism.
  3593 | D:5      | HP: 12/49 [disintegration[a gnoll sergeant] (17)]
  3595 | D:5      | HP: 5/49 [disintegration[a gnoll sergeant] (8)]
  4143 | D:5      | 4143 ||| UPGRADING to +0 cloak.
  4148 | D:5      | 4148 ||| READING 3 scrolls labelled CENTEL ROSMESO.
  4149 | D:5      | 4149 ||| READING scroll labelled XUOSEU GERAOBB.
  4150 | D:5      | 4150 ||| DROPPING 2 scrolls of fog.
  4164 | D:6      | 4164 ||| STAIRDANCE
  4169 | D:5      | Reached skill level 9 in Ranged Weapons
  4171 | D:6      | 4171 ||| STAIRDANCE
  4174 | D:5      | Reached skill level 3 in Armour
  4174 | D:5      | 4174 ||| INVOKING Heroism.
  4231 | D:6      | 4231 ||| STAIRDANCE
  4384 | D:6      | Found a staircase to the Ecumenical Temple.
  4533 | D:6      | 4533 ||| Stepping ~*~*~tactically~*~*~ (outnumbered).
  4537 | D:6      | Reached skill level 6 in Fighting
  4538 | D:6      | 4538 ||| Stepping ~*~*~tactically~*~*~ (outnumbered).
  4540 | D:6      | 4540 ||| Stepping ~*~*~tactically~*~*~ (outnumbered).
  4541 | D:6      | 4541 ||| INVOKING Heroism.
  4784 | D:6      | Reached XP level 9. HP: 55/55 MP: 12/12
  4789 | D:6      | 4789 ||| INVOKING Heroism.
  4798 | D:6      | 4798 ||| Stepping ~*~*~tactically~*~*~ (cloud).
  4800 | D:6      | 4800 ||| FLEEEEING.
  4816 | D:6      | 4816 ||| FLEEEEING.
  4817 | D:6      | 4817 ||| INVOKING Heroism.
  4931 | D:6      | 4931 ||| INVOKING Heroism.
  5039 | D:6      | Reached skill level 10 in Ranged Weapons
  5366 | D:6      | Noticed Jeremiah
  5369 | D:6      | 5369 ||| INVOKING Heroism.
  5379 | D:6      | 5379 ||| UPGRADING to +1 robe of cold resistance.
  5381 | D:6      | 5381 ||| FLEEEEING.
  5393 | D:6      | 5393 ||| FLEEEEING.
  5394 | D:6      | 5394 ||| FLEEEEING.
  5404 | D:6      | 5404 ||| STAIRDANCE
  5516 | D:5      | 5516 ||| UPGRADING to +1 robe of cold resistance.
  5526 | D:5      | 5526 ||| READING scroll labelled WOPEHUFF ROWU.
  5527 | D:5      | 5527 ||| READING scroll labelled BERENKELIM.
  5528 | D:5      | 5528 ||| DRINKING 2 fizzy ruby potions.
  5533 | D:5      | 5533 ||| STAIRDANCE
  5635 | D:4      | 5635 ||| DRINKING 2 yellow potions.
  5636 | D:4      | 5636 ||| DRINKING 2 smoky clear potions.
  5637 | D:4      | 5637 ||| DRINKING 2 lumpy red potions.
  5666 | D:4      | 5666 ||| DRINKING 2 fizzy amethyst potions.
  5667 | D:4      | 5667 ||| READING 2 scrolls of identify.
  5667 | D:4      | 5667 ||| IDENTIFYING brown potion
  5668 | D:4      | 5668 ||| DROPPING potion of brilliance.
  5669 | D:4      | 5669 ||| DROPPING potion of berserk rage.
  5670 | D:4      | 5670 ||| DROPPING potion of lignification.
  5681 | D:6      | 5681 ||| STAIRDANCE
  5712 | D:6      | 5712 ||| STAIRDANCE
  5768 | D:6      | 5768 ||| STAIRDANCE
  5821 | D:6      | 5821 ||| STAIRDANCE
  5880 | D:6      | 5880 ||| STAIRDANCE
  5939 | D:6      | Killed Jeremiah
  5940 | D:6      | Reached skill level 3 in Dodging
  6206 | D:7      | 6206 ||| FLEEEEING.
  6213 | D:7      | 6213 ||| FLEEEEING.
  6285 | D:7      | 6285 ||| INVOKING Heroism.
  6415 | D:7      | 6415 ||| Stepping ~*~*~tactically~*~*~ (outnumbered).
  6420 | D:7      | 6420 ||| INVOKING Heroism.
  7051 | D:7      | 7051 ||| DROPPING +0 ring mail.
  7052 | D:7      | 7052 ||| UPGRADING to +0 acid dragon scales.
  7062 | D:7      | 7062 ||| READING scroll labelled PUELIYQ APTE.
  7113 | D:8      | Noticed Amaemon
  7113 | D:8      | Noticed an orange demon
  7114 | D:8      | 7114 ||| RETREATING.
  7127 | D:8      | Reached skill level 11 in Ranged Weapons
  7132 | D:8      | 7132 ||| INVOKING Heroism.
  7136 | D:8      | Killed an orange demon
  7136 | D:8      | Reached ** piety under Okawaru
  7137 | D:8      | Reached XP level 10. HP: 32/63 MP: 10/13
  7221 | D:8      | 7221 ||| INVOKING Heroism.
  7225 | D:8      | 7225 ||| Stepping ~*~*~tactically~*~*~ (retreating).
  7242 | D:8      | Killed Amaemon
  7339 | D:8      | 7339 ||| SWAPPING to +0 longbow.
  7342 | D:8      | 7342 ||| DROPPING +0 heavy shortbow.
  7468 | D:8      | Noticed Prince Ribbit
  7480 | D:8      | Killed Prince Ribbit
  7542 | D:8      | 7542 ||| READING scroll of enchant armour.
  7542 | D:8      | 7542 ||| ENCHANTING +0 acid dragon scales.
  7581 | D:8      | Reached *** piety under Okawaru
  7684 | D:8      | Reached skill level 12 in Ranged Weapons
  7834 | D:8      | 7834 ||| Stepping ~*~*~tactically~*~*~ (retreating).
  7979 | D:8      | Noticed Erica
  7980 | D:8      | 7980 ||| INVOKING Heroism.
  7994 | D:8      | Killed Erica
  7994 | D:8      | Reached **** piety under Okawaru
  8024 | D:8      | Found a sacrificial altar of Ru.
  8068 | D:8      | Found an ancient bone altar of Kikubaaqudgha.
  8072 | D:8      | Found a white marble altar of Elyvilon.
  8119 | D:8      | 8119 ||| DROPPING +1 robe of cold resistance.
  8120 | D:8      | 8120 ||| READING 2 scrolls of identify.
  8120 | D:8      | 8120 ||| IDENTIFYING fizzy clear potion
  8141 | D:9      | Noticed a centaur warrior
  8143 | D:9      | 8143 ||| Stepping ~*~*~tactically~*~*~ (outnumbered).
  8148 | D:9      | 8148 ||| INVOKING Heroism.
  8151 | D:9      | 8151 ||| Stepping ~*~*~tactically~*~*~ (outnumbered).
  8154 | D:9      | a basilisk changed into a cane toad
  8154 | D:9      | Noticed a cane toad (shapeshifter)
  8160 | D:9      | Killed a cane toad
  8161 | D:9      | Reached skill level 13 in Ranged Weapons
  8165 | D:9      | Killed a centaur warrior
  8166 | D:9      | Reached XP level 11. HP: 31/69 MP: 14/14
  8166 | D:9      | 8166 ||| FLEEEEING.
  8167 | D:9      | 8167 ||| STAIRDANCE
  8292 | D:9      | 8292 ||| STAIRDANCE
  8297 | D:9      | 8297 ||| STAIRDANCE
  8302 | D:8      | Reached skill level 9 in Fighting
  8310 | D:9      | 8310 ||| STAIRDANCE
  8323 | D:9      | Noticed a manticore
  8325 | D:9      | 8325 ||| INVOKING Heroism.
  8336 | D:9      | Killed a manticore
  8426 | D:9      | Found Healequwe's Overcharged Wands.
  8568 | D:9      | 8568 ||| INVOKING Heroism.
  8587 | D:9      | 8587 ||| INVOKING Heroism.
  8681 | D:9      | 8681 ||| INVOKING Heroism.
  8752 | D:9      | Noticed a boulder beetle
  8753 | D:9      | 8753 ||| INVOKING Heroism.
  8779 | D:9      | 8779 ||| INVOKING Heroism.
  8790 | D:9      | Killed a boulder beetle
  9193 | D:9      | 9193 ||| UPGRADING to +0 pair of gloves.
  9198 | D:9      | 9198 ||| READING scroll labelled APSESYUGAI.
  9198 | D:9      | Identified a scroll of acquirement
  9198 | D:9      | 9198 ||| ACQUIRING +3 pair of boots of Macaroni {+Blink
                  | rPois}
  9198 | D:9      | Acquired the +3 pair of boots of Macaroni {+Blink rPois}
  9200 | D:9      | 9200 ||| UPGRADING to +3 pair of boots of Macaroni {+Blink
                  | rPois}.
  9210 | D:9      | 9210 ||| DROPPING +0 pair of boots.
  9211 | D:9      | 9211 ||| DRINKING 2 green potions.
  9212 | D:9      | 9212 ||| READING 5 scrolls of identify.
  9212 | D:9      | 9212 ||| IDENTIFYING murky black potion
  9213 | D:9      | 9213 ||| READING 4 scrolls of identify.
  9213 | D:9      | 9213 ||| IDENTIFYING amethyst potion
  9214 | D:9      | 9214 ||| READING 3 scrolls of identify.
  9214 | D:9      | 9214 ||| IDENTIFYING silvery potion
  9215 | D:9      | 9215 ||| READING 2 scrolls of identify.
  9215 | D:9      | 9215 ||| IDENTIFYING smoky blue potion
  9216 | D:9      | 9216 ||| DROPPING potion of invisibility.
  9217 | D:9      | 9217 ||| DROPPING potion of degeneration.
  9218 | D:9      | 9218 ||| DROPPING potion of ambrosia.
  9240 | D:10     | Entered Level 10 of the Dungeon
  9318 | D:10     | Reached skill level 6 in Invocations
  9403 | D:10     | 9403 ||| Stepping ~*~*~tactically~*~*~ (outnumbered).
  9405 | D:10     | 9405 ||| Stepping ~*~*~tactically~*~*~ (outnumbered).
  9407 | D:10     | 9407 ||| Stepping ~*~*~tactically~*~*~ (outnumbered).
  9409 | D:10     | 9409 ||| Stepping ~*~*~tactically~*~*~ (outnumbered).
  9411 | D:10     | 9411 ||| Stepping ~*~*~tactically~*~*~ (outnumbered).
  9413 | D:10     | 9413 ||| INVOKING Heroism.
  9482 | D:10     | 9482 ||| RETREATING.
  9499 | D:10     | 9499 ||| INVOKING Heroism.
  9582 | D:10     | 9582 ||| INVOKING Heroism.
  9586 | D:10     | 9586 ||| Stepping ~*~*~tactically~*~*~ (outnumbered).
  9593 | D:10     | Reached skill level 6 in Armour
  9597 | D:10     | 9597 ||| Stepping ~*~*~tactically~*~*~ (outnumbered).
  9615 | D:10     | 9615 ||| RETREATING.
  9616 | D:10     | 9616 ||| Stepping ~*~*~tactically~*~*~ (retreating).
  9619 | D:10     | HP: 17/71 [orc priest/divine providence (11)]
  9620 | D:10     | 9620 ||| READING 3 scrolls of teleportation.
  9621 | D:10     | 9621 ||| DRINKING potion of heal wounds.
  9629 | D:10     | 9629 ||| INVOKING Heroism.
  9654 | D:10     | 9654 ||| INVOKING Heroism.
  9707 | D:10     | 9707 ||| FLEEEEING.
  9708 | D:10     | 9708 ||| FLEEEEING.
  9709 | D:10     | 9709 ||| FLEEEEING.
  9710 | D:10     | 9710 ||| FLEEEEING.
  9711 | D:10     | 9711 ||| FLEEEEING.
  9712 | D:10     | 9712 ||| FLEEEEING.
  9717 | D:10     | 9717 ||| FLEEEEING.
  9784 | D:10     | 9784 ||| INVOKING Heroism.
  9804 | D:10     | Found a staircase to the Orcish Mines.
 10138 | D:10     | 10138 ||| INVOKING Heroism.
 10255 | D:10     | 10255 ||| INVOKING Heroism.
 10376 | D:10     | 10376 ||| DRINKING 3 viscous white potions.
 10376 | D:10     | Gained mutation: You occasionally lose the ability to read
                  | scrolls when taking damage. [potion of mutation]
 10376 | D:10     | Gained mutation: You expend magic power (3 MP) to
                  | strengthen your wands. [potion of mutation]
 10376 | D:10     | Gained mutation: You have large cloven feet. [potion of
                  | mutation]
 10377 | D:10     | 10377 ||| DRINKING 2 potions of mutation.
 10377 | D:10     | Lost mutation: You expend magic power (3 MP) to strengthen
                  | your wands. [potion of mutation]
 10377 | D:10     | Lost mutation: You have large cloven feet. [potion of
                  | mutation]
 10377 | D:10     | Lost mutation: You occasionally lose the ability to read
                  | scrolls when taking damage. [potion of mutation]
 10377 | D:10     | Gained mutation: You passively map a small area around you.
                  | [potion of mutation]
 10411 | D:11     | Noticed a two-headed ogre
 10412 | D:11     | 10412 ||| INVOKING Heroism.
 10417 | D:11     | Killed a two-headed ogre
 10484 | D:11     | Noticed a two-headed ogre
 10485 | D:11     | 10485 ||| INVOKING Heroism.
 10494 | D:11     | Killed a two-headed ogre
 10611 | D:11     | 10611 ||| DRINKING potion of curing.
 10611 | D:11     | 10611 ||| (to cure confusion)
 10617 | D:11     | 10617 ||| Stepping ~*~*~tactically~*~*~ (outnumbered).
 10620 | D:11     | Reached skill level 14 in Ranged Weapons
 10634 | D:11     | You fall into a shaft and drop 3 floors!
 10636 | D:14     | Noticed a two-headed ogre
 10637 | D:14     | 10637 ||| RETREATING.
 10639 | D:14     | 10639 ||| RETREATING.
 10640 | D:14     | 10640 ||| INVOKING Heroism.
 10644 | D:14     | Killed a two-headed ogre
 10645 | D:14     | Reached XP level 12. HP: 71/76 MP: 14/17
 10682 | D:14     | Found a gate to the Vaults.
 10682 | D:14     | Noticed a two-headed ogre
 10683 | D:14     | 10683 ||| RETREATING.
 10688 | D:14     | 10688 ||| Stepping ~*~*~tactically~*~*~ (retreating).
 10689 | D:14     | 10689 ||| Stepping ~*~*~tactically~*~*~ (retreating).
 10690 | D:14     | 10690 ||| Stepping ~*~*~tactically~*~*~ (retreating).
 10694 | D:14     | Killed a two-headed ogre
 10734 | D:14     | Noticed a centaur warrior
 10738 | D:14     | 10738 ||| INVOKING Heroism.
 10743 | D:14     | Killed a centaur warrior
 10886 | D:14     | Found a blossoming altar of Fedhas.
 10976 | D:14     | 10976 ||| DROPPING +2 pair of boots.
 10977 | D:14     | 10977 ||| READING scroll labelled YKLE DEUC AVT.
 10986 | D:13     | Noticed a catoblepas
 10987 | D:13     | 10987 ||| PLANNING GAUNTLET
 10987 | D:13     | 10987 ||| INVOKING Heroism.
 10997 | D:13     | Killed a catoblepas
 10998 | D:13     | Reached skill level 9 in Invocations
 11033 | D:13     | Noticed a catoblepas
 11034 | D:13     | 11034 ||| INVOKING Heroism.
 11036 | D:13     | Noticed a boulder beetle
 11057 | D:13     | 11057 ||| INVOKING Heroism.
 11059 | D:13     | Killed a boulder beetle
 11065 | D:13     | HP: 6/77 [catoblepas (16)]
 11066 | D:13     | 11066 ||| READING 4 scrolls of teleportation.
 11066 | D:13     | Mangled by a catoblepas

Levels and vault maps discovered:
D:1:      minmay_arrival_doors, layout_loops_ring, minmay_hedge_maze
D:2:      layout_basic, ebering_ecumenical_altar_abandoned,
          palyth_stone_intersect
D:3:      layout_loops_cross, nicolae_overflow_ecumenical_swirl,
          mainiacjoe_overflow_brackets, okawaru_ov_weapons_minmay
D:4:      layout_rooms, mainiacjoe_overflow_cross_hatched, uniq_ijyb
D:5:      layout_loops_ring, hangedman_minor_gate_pass
D:6:      layout_basic, temple_pool_b, minmay_mini_ossuary, uniq_jeremiah
D:7:      layout_basic, serial_bayou_pond_d
D:8:      layout_basic, minitemple, uniq_amaemon, uniq_erica,
          uniq_prince_ribbit1
D:9:      minmay_curly_fans, layout_irregular_city, serial_bayou,
          serial_bayou_lagoon_a, serial_bayou_shore_a, serial_bayou_pond_e,
          serial_bayou_pond_c, serial_bayou_crossing, serial_bayou_pond_a,
          nicolae_shop_overcharged_wands
D:10:     layout_stronghold, david_orc_5
D:11:     layout_loops_ring, erik_lair_island, gammafunk_ghost_grave,
          item_on_display_a
D:13:     layout_roguey, gauntlet_entry_generic
D:14:     layout_basic, david_vaults_1, fedhas_altar_2, uniq_lodul

Skill      XL: |  1  2  3  4  5  6  7  8  9 10 11 12 |
---------------+-------------------------------------+-----
Ranged Weapons | 5 6 7 8 9 11 13 14 | 14.1
Armour         | 1 2 3 4 5 6 |  6.0
Fighting       | 3 4 6 7 8 9 10 | 10.0
Invocations    | 3 4 5 7 9 |  9.2
Dodging        | 2 3 4 |  4.4
Stealth        | |  1.1

Action                     |  1- 3 |  4- 6 |  7- 9 | 10-12 || total
---------------------------+-------+-------+-------+-------++-------
   Fire: Shortbow          |   122 |   133 |   309 |    25 ||   589
         Longbow           |       |       |       |   439 ||   439
 Invoke: Heroism           |       |     1 |    17 |    24 ||    42
    Use: Scroll            |     4 |     6 |     6 |    10 ||    26
         Potion            |     1 |       |     5 |     5 ||    11
 Armour: Leather armour    |    10 |       |       |       ||    10
         Ring mail         |    19 |   151 |   127 |       ||   297
         Robe              |       |       |    23 |       ||    23
         Acid dragon scale |       |       |    17 |   189 ||   206
  Dodge: Dodged            |    51 |   116 |   134 |   163 ||   464

Table legend:
 A = Non-vault XP
 B = Vault XP
 C = Vault XP percentage of total XP
 D = Non-vault monster count
 E = Vault monster count
 F = Vault count percentage of total count
                 A         B        C        D         E       F
            +---------+---------+-------+---------+---------+-------
      Total |   13796 |    8904 |  39.2 |     212 |      49 |  18.8
            +---------+---------+-------+---------+---------+-------
        D:1 |      47 |       0 |   0.0 |      26 |       0 |   0.0
        D:2 |      59 |       0 |   0.0 |      19 |       0 |   0.0
        D:3 |     158 |       0 |   0.0 |      25 |       0 |   0.0
        D:4 |      37 |      36 |  49.3 |      12 |       1 |   7.7
        D:5 |    1452 |     229 |  13.6 |      36 |       7 |  16.3
        D:6 |     895 |     422 |  32.0 |      20 |       6 |  23.1
        D:7 |     986 |       0 |   0.0 |      15 |       0 |   0.0
        D:8 |    2196 |    2253 |  50.6 |      24 |       4 |  14.3
        D:9 |     414 |    2643 |  86.5 |       6 |       4 |  40.0
       D:10 |    3345 |     693 |  17.2 |      19 |      23 |  54.8
       D:11 |    1702 |       0 |   0.0 |       7 |       0 |   0.0
       D:13 |    1660 |       0 |   0.0 |       2 |       0 |   0.0
       D:14 |     845 |    2628 |  75.7 |       1 |       4 |  80.0
            +---------+---------+-------+---------+---------+-------
